 Dungeon Crawl Stone Soup version 0.16.0-16-g311141a (webtiles) character file.

162484 Leibowitz the Spry (level 17, -8/146 HPs)
             Began as a Merfolk Gladiator on Mar 17, 2015.
             Was the Champion of Okawaru.
             Killed by the raging water
             ... invoked by a water nymph
              (27 damage)
             ... on level 5 of the Shoals on Mar 20, 2015.
             The game lasted 03:13:10 (31837 turns).

Leibowitz the Spry (Merfolk Gladiator)             Turns: 31837, Time: 03:13:10

Health: -8/146     AC: 42    Str: 24    XL:     17   Next: 81%
Magic:  21/21      EV: 24    Int: 13    God:    Okawaru [******]
Gold:   975        SH: 12    Dex: 20    Spells: 1 memorised, 14 levels left

rFire  + . .     SeeInvis .     a - +5 demon trident (freeze)
rCold  . . .     Clarity  .     s - +15 Maxwell's patent armour {-Cast -Tele rElec MR+ rCorr}
rNeg   . . .     SustAb   .     h - +3 buckler "Haperymp" {rF+ rCorr}
rPois  +         Gourm    .     c - +0 helmet
rElec  +         Spirit   .     H - +2 cloak
rCorr  +         Warding  .     l - +1 pair of gloves {Str+3}
rMut   .         NoTele   +     p - +0 pair of boots of Marbles {-Tele rPois Int+3 Dex+2}
MR     ++...     NoCast   +     P - amulet of faith
Stlth  ++........               B - +3 ring of slaying
                                F - +5 ring of strength

@: lethally poisoned (-8 -> -13), exhausted, heroism, flying, very slightly
contaminated, slowed, invisible, very slow, very resistant to hostile
enchantments, unstealthy
A: change form in water, swift swim
a: Heroism, Finesse, Renounce Religion


You were on level 5 of the Shoals.
You worshipped Okawaru.
Okawaru was exalted by your worship.
You were hungry.

You visited 5 branches of the dungeon, and saw 30 of its levels.
You visited 2 bazaars.
You also visited: Sewer, Bailey, Ice Cave, Volcano and Wizlab.

You collected 4372 gold pieces.
You spent 3397 gold pieces at shops.

Inventory:

Hand weapons
 a - a +5 demon trident of freezing (weapon)
 z - the +6 spear of Watchfulness {flame, +Blink +Rage rC- Str+2}
   (Okawaru gifted it to you on level 1 of the Shoals)

   It has been specially enchanted to burn those struck by it, causing extra
   injury to most foes and up to half again as much damage against particularly
   susceptible opponents.
   It affects your strength (+2).
   It makes you vulnerable to cold.
   It lets you blink.
   It lets you go berserk.
Missiles
 d - 17 throwing nets (quivered)
 q - 8 javelins of penetration
 K - 6 poisoned javelins
Armour
 c - a +0 helmet (worn)
 h - the +3 buckler "Haperymp" (worn) {rF+ rCorr}
   (Okawaru gifted it to you on level 7 of the Lair of Beasts)

   It protects you from fire.
   It protects you from acid and corrosion.
 l - a +1 pair of gloves of strength (worn)
 p - the +0 pair of boots of Marbles (worn) {-Tele rPois Int+3 Dex+2}
   (You bought it in a shop on level 4 of the Orcish Mines)

   It affects your intelligence (+3).
   It affects your dexterity (+2).
   It protects you from poison.
   It prevents most forms of teleportation.
 s - the +15 Maxwell's patent armour (worn) {-Cast -Tele rElec MR+ rCorr}
   (Okawaru gifted it to you on level 8 of the Lair of Beasts)

   It insulates you from electricity.
   It affects your resistance to hostile enchantments.
   It prevents spellcasting.
   It prevents most forms of teleportation.
   It protects you from acid and corrosion.
 H - a +2 cloak (worn)
Jewellery
 e - an uncursed ring of sustain abilities
 u - an uncursed ring of protection from fire
 B - a +3 ring of slaying (right hand)
 D - an uncursed amulet of regeneration
 F - a +5 ring of strength (left hand)
 O - an uncursed ring of protection from cold
 P - an amulet of faith (around neck)
 T - the ring "Iziar" {rC+ EV+2 Dex+3}
   (You bought it in a shop in a bazaar)

   [ring of evasion]

   It affects your evasion (+2).
   It affects your dexterity (+3).
   It protects you from cold.
 Y - the ring "Umyih" {rN+++ MR- Str-2 Dex+2 Stlth+}
   (You bought it in a shop in a bazaar)

   [ring of stealth]

   It affects your strength (-2).
   It affects your dexterity (+2).
   It renders you almost immune to negative energy.
   It affects your resistance to hostile enchantments.
   It makes you more stealthy.
Magical devices
 o - a wand of digging (19)
 v - a wand of teleportation (9)
 I - a wand of digging (12)
 L - a wand of fire (7)
 M - a wand of digging (14)
 Q - a wand of invisibility (1)
 R - a wand of disintegration (8)
Scrolls
 b - 8 scrolls of remove curse
 j - 33 scrolls of identify
 m - a scroll of recharging
 t - 4 scrolls of fog
 w - 13 scrolls of teleportation
 y - 5 scrolls of blinking
 E - a scroll of fear
 S - a scroll of holy word
Potions
 k - a potion of magic
 n - 3 potions of restore abilities
 r - 12 potions of curing
 A - 4 potions of flight
 G - 2 potions of haste
 J - 6 potions of agility
 N - 2 potions of cure mutation
 U - 2 potions of brilliance
 V - 4 potions of berserk rage
 W - a potion of resistance
Miscellaneous
 g - a phial of floods
Comestibles
 f - 10 bread rations
 x - 3 meat rations


   Skills:
 + Level 16.7(21.7) Fighting
 - Level 14.1(19.1) Polearms
 + Level 3.0(8.0) Throwing
 * Level 11.1(16.1) Armour
 + Level 18.1(23.1) Dodging
 + Level 11.6(16.6) Stealth
 + Level 12.3(17.3) Shields
 + Level 0.2 Charms
 + Level 0.1 Air Magic
 + Level 2.5 Invocations
 + Level 0.2 Evocations


You had 14 spell levels left.
You knew the following spells:

 Your Spells              Type           Power        Failure   Level  Hunger
a - Swiftness             Chrm/Air       #.......     100%        2    ###....


Dungeon Overview and Level Annotations

Branches:
Dungeon (11/15)            Temple (0/1) D:7            Lair (8/8) D:10
 Shoals (5/5) Lair:4        Snake (0/5) Lair:4        Slime (0/6) Lair:7
    Orc (4/4) D:11            Elf (2/3) Orc:3

Altars:
Ashenzari
Dithmenos
Elyvilon
Fedhas
Gozag
Kikubaaqudgha
Nemelex Xobeh
Okawaru
Qazlal
Sif Muna
Trog
Vehumet
Xom
Yredelemnul
The Shining One
Beogh

Shops:
D:4 !==:}   Orc:2 !?[   Orc:4 *![[   Shoals:2 :*(

Annotations:
Shoals:5 exclusion: orange crystal statue
Orc:1 1 exclusion


Message History

The siren dies!
You hear a splash.
The siren chants its luring song.
You impale the griffon!!! You freeze the griffon.
You kill the griffon!
Okawaru accepts your kill.
You feel sick. You block the harpy's attack. The harpy completely misses you.
The harpy completely misses you. The harpy closely misses you.
The manticore flicks its tail.
The merfolk javelineer throws a javelin.
The merfolk completely misses you.
You strike the helpless merfolk impaler from behind!
You hit the merfolk impaler. You freeze the merfolk impaler.
The merfolk impaler is lightly wounded.
You break out of your daze!
You feel sick. You block the harpy's attack. The harpy claws you!
* * * LOW HITPOINT WARNING * * *
The merfolk impaler misses you.
The water nymph points at you and mumbles some strange words.
You die...

≈≈≈≈≈≈≈≈≈
≈≈≈≈≈≈≈≈≈≈≈
≈≈≈≈≈≈≈≈≈≈≈≈
≈≈≈≈≈≈≈≈≈≈≈≈≈
≈≈≈≈≈≈≈≈≈≈≈≈≈≈
≈≈≈≈≈≈≈≈≈≈≈≈≈
≈≈≈≈≈≈≈≈≈≈#######
≈≈≈≈≈≈≈≈≈##≈m≈≈m##
...#<≈≈≈##≈.m.§#@##
.<.##†.≈#≈..≈mmH#m#
.....##≈#.†#m#mH§t#
........#†§§§##m.m#
.....##.#m#§§≈≈≈.≈#
....#.m.#§§§§§#..≈#
...#.H..§#mm#§..≈##
...≈≈mHmm{#m§§.≈##
≈...m≈mmmmH######


You could see a merfolk impaler, a merfolk javelineer, a snapping turtle, 3
merfolk, a water nymph, a manticore, 3 sirens and a harpy.

Vanquished Creatures
  An ancient lich (WizLab)
  3 krakens
  An ancient champion (WizLab)
  The ghost of wojtek the Spry, a mighty KoAs of Makhleb (Shoals:4)
  Kirke (Shoals:2)
  Ilsuiw (Shoals:5)
  Maud (Lair:4)
  Aizul (Shoals:1)
  The ghost of Ladykiller69 the Cleaver, a powerful FoFi of Cheibriados (Orc:4)
  A deep elf annihilator (Elf:2)
  6 merfolk javelineers
  A fire dragon (Lair:7)
  10 merfolk impalers
  The ghost of nubinia the Unseen, a powerful SpAr of Nemelex Xobeh (IceCv)
  Fannar (Lair:7)
  The ghost of Thumbquat the Thaumaturge, a powerful GrEE of Vehumet (Lair:2)
  Nessos (Shoals:1)
  3 hydras
  A catoblepas (Lair:8)
  6 merfolk avatars
  3 merfolk aquamancers
  An alligator snapping turtle (Shoals:5)
  11 death yaks
  An orc high priest (Orc:2)
  Nergalle (Orc:2)
  A fire crab (Lair:7)
  An ice devil (IceCv)
  10 skeletal warriors (WizLab)
  A deep elf knight (Elf:2)
  7 sea snakes
  17 harpies
  2 ice statues (IceCv)
  Erolcha (Orc:4)
  2 orc knights
  Pikel (D:9)
  A necromancer (IceCv)
  9 griffons
  5 deep elf conjurers
  4 orc sorcerers (Orc:4)
  An ugly thing (D:11)
  21 fauns
  An oklob plant (Lair:4)
  9 cyclopes
  12 manticores
  4 water nymphs
  13 elephants
  A molten gargoyle (Volcano)
  Joseph (D:7)
  10 sirens
  7 black mambas
  2 torpor snails (Lair:7)
  A kobold demonologist (D:11)
  6 spiny frogs
  8 komodo dragons
  6 fire drakes
  14 polar bears
  3 trolls
  A deep elf priest (Elf:1)
  2 wind drakes
  30 merfolk
  4 blue devils (IceCv)
  10 blink frogs
  A boulder beetle (Lair:4)
  A raiju (Lair:8)
  7 snapping turtles
  4 basilisks
  3 fire elementals (Volcano)
  5 hogs
  11 deep elf magi
  7 hill giant zombies (WizLab)
  4 vampires (WizLab)
  5 water elementals (Shoals:4)
  33 yaks
  5 deep elf fighters (Elf:2)
  8 hippogriffs
  21 wolves
  A wyvern (Lair:8)
  13 wargs
  A mottled dragon (Lair:7)
  A chaos spawn (Orc:2)
  4 nagas (Lair:4)
  14 water moccasins
  8 porcupines
  18 orc warriors
  7 ice beasts
  4 hell hounds (Lair:8)
  11 ogres
  A wasp (D:11)
  4 sky beasts
  2 eyes of draining (D:10)
  9 crocodiles
  5 phantoms
  18 black bears
  7 centaurs
  2 boring beetles
  A big kobold (D:10)
  Duvessa (D:9)
  A brain worm (D:11)
  15 giant frogs
  5 killer bees
  8 troll zombies (WizLab)
  2 scorpions (D:6)
  23 wights
  6 electric eels
  2 goliath beetles
  Dowan (D:9)
  2 crimson imps
  A giant frog zombie (D:10)
  18 hounds
  A centaur skeleton (D:6)
  15 orc priests
  49 orc wizards
  A draconian simulacrum (IceCv)
  10 iguanas
  A gnoll shaman (D:8)
  10 worker ants
  A spriggan simulacrum (IceCv)
  2 centaur simulacra (IceCv)
  4 ogre zombies (WizLab)
  2 troll simulacra (IceCv)
  A hound skeleton (D:7)
  A hound zombie (D:10)
  A worker ant zombie (D:7)
  Robin (D:2)
  20 gnolls
  30 adders
  2 naga simulacra (IceCv)
  2 ogre simulacra (IceCv)
  61 river rats
  3 giant mites
  6 worms
  3 shadow imps
  An adder zombie (D:6)
  6 giant geckos
  5 oozes
  181 orcs
  6 ball pythons
  A bat skeleton (D:6)
  2 bat zombies
  5 giant cockroaches
  21 hobgoblins
  13 jackals
  30 kobolds
  9 quokkas
  18 bats
  10 giant newts
  3 giant spores
  44 goblins
  11 orc zombies (Orc:4)
  A quokka skeleton (D:5)
  18 rats
  6 ballistomycetes
  A plant (Lair:7)
  7 tentacles (Shoals:4)
1246 creatures vanquished.

Vanquished Creatures (others)
  A harpy (Shoals:5)
  4 drowned souls
  A siren (Shoals:5)
  A deep elf mage (D:10)
  A giant frog (D:10)
  A giant mite (D:10)
  An orc (Orc:1)
  2 giant spores
  A fungus (Lair:4)
  29 plants
  8 tentacles
  22 tentacle segments
72 creatures vanquished.

Grand Total: 1318 creatures vanquished

Notes
Turn   | Place    | Note
--------------------------------------------------------------
     0 | D:1      | Leibowitz, the Merfolk Gladiator, began the quest for the Orb.
     0 | D:1      | Reached XP level 1. HP: 16/16 MP: 1/1
   103 | D:1      | Reached XP level 2. HP: 17/22 MP: 2/2
   492 | D:1      | Reached skill level 5 in Polearms
   497 | D:1      | Reached XP level 3. HP: 25/27 MP: 3/3
   930 | D:2      | Reached skill level 5 in Dodging
   958 | D:2      | Reached XP level 4. HP: 29/34 MP: 4/4
  1016 | D:2      | Reached skill level 1 in Armour
  1168 | D:2      | Reached XP level 5. HP: 34/39 MP: 5/5
  1372 | D:2      | Noticed Robin
  1401 | D:2      | Killed Robin
  1572 | D:2      | Reached skill level 6 in Polearms
  1628 | D:2      | Found an iron altar of Okawaru.
  1659 | D:2      | Became a worshipper of Warmaster Okawaru
  2043 | D:3      | Found a glowing drain.
  2049 | D:3      | Reached XP level 6. HP: 46/46 MP: 6/6
  2054 | Sewer    | Entered a sewer
  2416 | D:3      | Reached skill level 1 in Stealth
  2457 | D:3      | Found a shattered altar of Ashenzari.
  2479 | D:3      | Reached skill level 7 in Dodging
  2771 | D:3      | Found an ancient bone altar of Kikubaaqudgha.
  3155 | D:3      | Found a radiant altar of Vehumet.
  3411 | D:4      | Found Hinto's Jewellery Shop.
  3428 | D:4      | Reached XP level 7. HP: 44/52 MP: 7/7
  3596 | D:4      | Found Gratumou's Book Shoppe.
  3626 | D:4      | Found Smeock's Jewellery Boutique.
  3666 | D:4      | Acquired Okawaru's first power
  3712 | D:4      | Found a stormy altar of Qazlal.
  3753 | D:4      | Found Anao's Gadget Boutique.
  3839 | D:4      | Found Beses' Distillery.
  3844 | D:4      | Bought a potion of heal wounds for 65 gold pieces
  3844 | D:4      | Bought a potion of curing for 39 gold pieces
  4255 | D:4      | Reached skill level 8 in Dodging
  4256 | D:4      | Reached XP level 8. HP: 36/60 MP: 5/8
  4605 | D:5      | Entered Level 5 of the Dungeon
  4647 | D:5      | Found a bloodstained altar of Trog.
  5604 | D:5      | Reached skill level 9 in Dodging
  5735 | D:6      | Gained mutation: You have an increased reservoir of magic (+10% MP). [potion of mutation]
  5735 | D:6      | Lost mutation: You have an increased reservoir of magic (+10% MP). [potion of mutation]
  5735 | D:6      | Gained mutation: You are partially covered in iridescent scales (AC +4). [potion of mutation]
  5979 | D:6      | Found a shadowy altar of Dithmenos.
  6074 | D:6      | Found a white marble altar of Elyvilon.
  6230 | D:6      | Reached XP level 9. HP: 67/67 MP: 9/9
  6357 | D:7      | Noticed Joseph
  6376 | D:7      | Killed Joseph
  6376 | D:7      | Reached skill level 5 in Fighting
  6376 | D:7      | Reached skill level 10 in Polearms
  6419 | D:7      | Found a glowing golden altar of the Shining One.
  6470 | D:7      | Found a staircase to the Ecumenical Temple.
  6620 | D:7      | Found a deep blue altar of Sif Muna.
  6631 | D:7      | Found a basalt altar of Yredelemnul.
  6808 | D:7      | Reached skill level 10 in Dodging
  7341 | D:8      | Reached skill level 11 in Polearms
  7548 | D:8      | Learned a level 2 spell: Swiftness
  8071 | D:9      | Found a sparkling altar of Nemelex Xobeh.
  8072 | D:9      | Found an opulent altar of Gozag.
  8115 | D:9      | Found a flagged portal.
  8124 | Bailey   | Entered a bailey
  8129 | Bailey   | Noticed an orc knight
  8447 | Bailey   | Killed an orc knight
  8447 | Bailey   | Received a gift from Okawaru
  8447 | Bailey   | Reached XP level 10. HP: 77/77 MP: 10/10
  8723 | D:9      | Noticed Pikel
  8747 | D:9      | Killed Pikel
  8747 | D:9      | Reached skill level 12 in Polearms
  8817 | D:9      | Noticed Duvessa
  8835 | D:9      | Noticed Dowan
  8853 | D:9      | Killed Duvessa
  8864 | D:9      | Killed Dowan
  9236 | D:9      | Found a blossoming altar of Fedhas.
  9852 | D:4      | Bought a +3 ring of slaying for 540 gold pieces
  9854 | D:4      | Bought an uncursed amulet of regeneration for 360 gold pieces
 10035 | D:10     | Entered Level 10 of the Dungeon
 10115 | D:10     | Acquired Okawaru's second power
 10288 | D:10     | Received a gift from Okawaru
 10288 | D:10     | Reached skill level 5 in Stealth
 10299 | D:10     | Reached skill level 13 in Polearms
 10642 | D:10     | Reached XP level 11. HP: 63/86 MP: 11/11
 10764 | D:10     | Received a gift from Okawaru
 10809 | D:10     | Found a staircase to the Lair.
 10886 | Lair:1   | Entered Level 1 of the Lair of Beasts
 10895 | Lair:1   | Upgraded the game from 0.16.0-11-gd45b091 to 0.16.0-16-g311141a
 11145 | Lair:1   | Received a gift from Okawaru
 11588 | Lair:1   | Noticed a six-headed hydra
 11596 | Lair:1   | Killed a six-headed hydra
 11596 | Lair:1   | Reached skill level 14 in Polearms
 11900 | Lair:2   | Noticed Thumbquat's ghost (powerful GrEE)
 11944 | Lair:2   | Killed Thumbquat's ghost
 11944 | Lair:2   | Received a gift from Okawaru
 12198 | Lair:2   | Received a gift from Okawaru
 12201 | Lair:2   | Lost mutation: You are partially covered in iridescent scales (AC +4). [potion of cure mutation]
 12501 | Lair:2   | Reached XP level 12. HP: 94/97 MP: 12/12
 12658 | Lair:3   | Reached skill level 10 in Fighting
 12677 | Lair:3   | Reached skill level 5 in Armour
 13345 | Lair:4   | Found a shimmering altar of Xom.
 13477 | Lair:4   | Found a staircase to the Shoals.
 13544 | Lair:4   | Found a frozen archway.
 13585 | IceCv    | Entered an ice cave
 13591 | IceCv    | Noticed nubinia's ghost (powerful SpAr)
 13603 | IceCv    | Killed nubinia's ghost
 13603 | IceCv    | Received a gift from Okawaru
 13818 | IceCv    | Reached skill level 15 in Dodging
 14037 | IceCv    | Reached skill level 1 in Invocations
 14143 | IceCv    | Reached XP level 13. HP: 54/106 MP: 15/15
 14395 | Lair:4   | Noticed Maud
 14422 | Lair:4   | Killed Maud
 14911 | Lair:4   | Found a staircase to the Snake Pit.
 15251 | Lair:5   | Received a gift from Okawaru
 15256 | Lair:5   | Got a dazzling chain mail {god gift}
 15267 | Lair:5   | Identified the -6 chain mail of the Blessed Realm {Int+2} (Okawaru gifted it to you on level 5 of the Lair of Beasts)
 16113 | Lair:6   | Found a dark tunnel.
 16123 | Volcano  | Entered a volcano
 16959 | Lair:6   | Reached skill level 16 in Dodging
 17397 | Lair:7   | Noticed Fannar
 17440 | Lair:7   | Killed Fannar
 17441 | Lair:7   | Reached skill level 10 in Stealth
 17703 | Lair:7   | Received a gift from Okawaru
 17730 | Lair:7   | Got an encrusted buckler {god gift}
 17736 | Lair:7   | Identified the +3 buckler "Haperymp" {rF+ rCorr} (Okawaru gifted it to you on level 7 of the Lair of Beasts)
 18585 | Lair:7   | Reached XP level 14. HP: 111/116 MP: 16/16
 18723 | Lair:7   | Found a staircase to the Slime Pits.
 19014 | Lair:8   | Entered Level 8 of the Lair of Beasts
 19024 | Lair:8   | Reached skill level 17 in Dodging
 19024 | Lair:8   | Reached skill level 1 in Shields
 19600 | Lair:8   | Received a gift from Okawaru
 20468 | Lair:8   | Received a gift from Okawaru
 20533 | Lair:8   | Identified Sif Muna's Disquisition on Excruciating Companions
 20597 | Lair:8   | Reached skill level 5 in Shields
 21039 | D:11     | Found a huge runed gate.
 21039 | D:11     | Found a huge runed gate.
 21039 | D:11     | Found a huge runed gate.
 21039 | D:11     | Found a huge runed gate.
 21111 | D:11     | Reached XP level 15. HP: 123/125 MP: 18/18
 21143 | D:11     | Received a gift from Okawaru
 21382 | D:11     | Found a stormy altar of Qazlal.
 21656 | D:11     | Found a staircase to the Orcish Mines.
 21945 | Orc:1    | Entered Level 1 of the Orcish Mines
 22193 | Orc:2    | Found a roughly hewn altar of Beogh.
 22267 | Orc:2    | Found Trex's Armour Boutique.
 22373 | Orc:2    | Noticed Nergalle
 22383 | Orc:2    | Killed Nergalle
 22438 | Orc:2    | Found Ibou's Magic Scroll Emporium.
 22473 | Orc:2    | Found Faptauca's Distillery.
 22480 | Orc:2    | Bought a potion of haste for 140 gold pieces
 22803 | Orc:3    | Found a staircase to the Elven Halls.
 22816 | Elf:1    | Entered Level 1 of the Elven Halls
 22821 | Elf:1    | You fall through a shaft!
 22872 | Elf:2    | Found a flickering gateway to a bazaar.
 22879 | Bazaar   | Entered a bazaar
 22879 | Bazaar   | Found Priuhocu's Armour Boutique.
 22879 | Bazaar   | Found Gamucanau's Gadget Shop.
 22879 | Bazaar   | Found Maawas' Antique Weapon Boutique.
 22879 | Bazaar   | Found Xoawkada's General Store.
 22879 | Bazaar   | Found Juat's Antique Weapon Boutique.
 22894 | Bazaar   | Bought a twisted spear for 192 gold pieces
 22898 | Bazaar   | Bought a +1 pair of boots of flying for 264 gold pieces
 22900 | Bazaar   | Bought a potion of curing for 42 gold pieces
 23034 | Elf:1    | Found a magical portal.
 23041 | WizLab   | Entered Zonguldrok's Shrine
 23326 | WizLab   | Received a gift from Okawaru
 23664 | WizLab   | Noticed an ancient champion
 23720 | WizLab   | Killed an ancient champion
 23734 | WizLab   | Noticed an antique lich
 23743 | WizLab   | Killed an antique lich
 23743 | WizLab   | Received a gift from Okawaru
 23743 | WizLab   | Reached skill level 15 in Fighting
 23868 | Elf:1    | Received a gift from Okawaru
 24569 | Orc:4    | Entered Level 4 of the Orcish Mines
 24569 | Orc:4    | Noticed Ladykiller69's ghost (powerful FoFi)
 24605 | Orc:4    | Killed Ladykiller69's ghost
 24851 | Orc:4    | Found Groepias' General Store.
 24980 | Orc:4    | Reached XP level 16. HP: 136/136 MP: 19/19
 25065 | Orc:4    | Found Ghydweohuo's Food Shoppe.
 25065 | Orc:4    | Found Riugan's Antique Armour Shop.
 25264 | Orc:4    | Found a roughly hewn altar of Beogh.
 25276 | Orc:4    | Found Jacih's Antique Armour Shoppe.
 25276 | Orc:4    | Found Douckaf's Distillery.
 25294 | Orc:4    | Bought a pair of warped boots for 256 gold pieces
 25294 | Orc:4    | Bought a fine chain mail for 256 gold pieces
 25304 | Orc:4    | Identified the +0 pair of boots of Marbles {-Tele rPois Int+3 Dex+2} (You bought it in a shop on level 4 of the Orcish Mines)
 25322 | Orc:4    | Identified the +0 chain mail of the Valley of Death {Int+2} (You bought it in a shop on level 4 of the Orcish Mines)
 25628 | Orc:4    | Noticed Erolcha
 25635 | Orc:4    | Killed Erolcha
 26357 | Shoals:1 | Entered Level 1 of the Shoals
 26360 | Shoals:1 | Noticed Nessos
 26370 | Shoals:1 | Received a gift from Okawaru
 26391 | Shoals:1 | Killed Nessos
 26396 | Shoals:1 | Got a steaming spear {god gift}
 26397 | Shoals:1 | Identified the +6 spear of Watchfulness {flame, +Blink +Rage rC- Str+2} (Okawaru gifted it to you on level 1 of the Shoals)
 26422 | Shoals:1 | Reached skill level 18 in Dodging
 26782 | Orc:2    | Bought a scroll of enchant weapon for 97 gold pieces
 27394 | Shoals:1 | Noticed Aizul
 27414 | Shoals:1 | Killed Aizul
 27754 | Shoals:1 | Reached skill level 10 in Shields
 28037 | Shoals:2 | Found Klusm's Weapon Emporium.
 28072 | Shoals:2 | Found a flickering gateway to a bazaar.
 28086 | Bazaar   | Entered a bazaar
 28100 | Bazaar   | Found Seastean's Magic Scroll Shoppe.
 28111 | Bazaar   | Bought a scroll of remove curse for 18 gold pieces
 28143 | Bazaar   | Found Wubraron's General Store.
 28164 | Bazaar   | Found Urint's Jewellery Shoppe.
 28180 | Bazaar   | Bought a +5 ring of strength for 412 gold pieces
 28180 | Bazaar   | Bought the ring "Iziar" {rC+ EV+2 Dex+3} for 303 gold pieces
 28180 | Bazaar   | Bought the ring "Umyih" {rN+++ MR- Str-2 Dex+2 Stlth+} for 413 gold pieces
 28256 | Shoals:2 | Found Blob Fios' General Store.
 28294 | Shoals:2 | Received a gift from Okawaru
 28524 | Shoals:2 | Noticed Kirke
 28535 | Shoals:2 | Killed Kirke
 28624 | Shoals:2 | Found Ymiawogg's Jewellery Emporium.
 28653 | Shoals:2 | Found Rusaogu's Book Boutique.
 29123 | Shoals:3 | Noticed a kraken
 29141 | Shoals:3 | Killed a kraken
 29437 | Shoals:3 | Reached skill level 10 in Armour
 29534 | Shoals:3 | Found a shattered altar of Ashenzari.
 30199 | Shoals:4 | Noticed a kraken
 30216 | Shoals:4 | Killed a kraken
 30216 | Shoals:4 | Received a gift from Okawaru
 30216 | Shoals:4 | Reached XP level 17. HP: 144/144 MP: 20/20
 30233 | Shoals:4 | Received a gift from Okawaru
 30236 | Shoals:4 | Noticed a kraken
 30255 | Shoals:4 | Killed a kraken
 30497 | Shoals:4 | Noticed wojtek's ghost (mighty KoAs)
 30522 | Shoals:4 | Killed wojtek's ghost
 30868 | Shoals:4 | Received a gift from Okawaru
 31665 | Shoals:5 | Entered Level 5 of the Shoals
 31720 | Shoals:5 | Noticed Ilsuiw
 31794 | Shoals:5 | Killed Ilsuiw
 31808 | Shoals:5 | Received a gift from Okawaru
 31837 | Shoals:5 | Killed from afar by a water nymph

Action                   |  1- 3 |  4- 6 |  7- 9 | 10-12 | 13-15 | 16-18 || total
-------------------------+-------+-------+-------+-------+-------+-------++-------
Melee: Trident           |    97 |   229 |   559 |   585 |  1649 |   258 ||  3377
       Glaive            |       |       |       |    59 |    29 |       ||    88
       Halberd           |       |       |       |       |    18 |       ||    18
       Demon trident     |       |       |       |       |       |   505 ||   505
       Spear             |       |       |       |       |       |    10 ||    10
Throw: Throwing net      |       |       |     6 |       |       |     4 ||    10
       Javelin           |       |       |       |    10 |       |     1 ||    11
Invok: Heroism           |       |       |     3 |     2 |     2 |     5 ||    12
Evoke: Wand              |       |       |       |     1 |       |     2 ||     3
       Phial of floods   |       |       |       |       |     1 |       ||     1
  Use: Potion            |       |       |    14 |     4 |     4 |    12 ||    34
       Scroll            |       |       |    13 |     1 |     6 |     7 ||    27
 Stab: Sleeping          |     1 |     2 |    13 |    26 |    24 |     1 ||    67
       Held in net/web   |       |       |     4 |       |       |     5 ||     9
       Distracted        |       |       |     1 |     4 |     2 |       ||     7
       Fleeing           |       |       |       |       |     2 |       ||     2
       Invisible         |       |       |       |       |       |    20 ||    20
  Eat: Chunk             |       |     8 |    16 |    18 |    22 |     6 ||    70
       Beef jerky        |       |       |     1 |     1 |       |     2 ||     4
       Fruit             |       |       |       |     1 |       |       ||     1
       Meat ration       |       |       |       |       |     2 |     1 ||     3
       Bread ration      |       |       |       |       |     2 |     1 ||     3
       Pizza             |       |       |       |       |       |     1 ||     1
